[Event "36th Zalakaros Festival 2017"]
[Site "Zalakaros"]
[Date "2017.05.21"]
[Round "4"]
[White "Blohberger, Felix"]
[Black "Pujari, Rucha"]
[Result "1/2-1/2"]
[ECO "E06"]
[WhiteElo "2319"]
[BlackElo "2203"]
[Annotator "NA"]
[PlyCount "94"]
[EventDate "2017.??.??"]
[EventType "swiss"]
[EventCountry "HUN"]
[SourceTitle "playchess.com"]
[Source "ChessBase"]
[SourceQuality "1"]
[TimeControl "40/5400+30:1800+30"]

1. d4 d5 2. c4 e6 3. Nf3 Nf6 4. g3 Be7 5. Bg2 O-O 6. O-O c6 7. Nc3 b6 8. Qd3 Nbd7 9. e4 Bb7 10. b3 dxe4 11. Nxe4 Nxe4 12. Qxe4 Nf6 13. Qe2 c5 14. Bb2 cxd4 15. Rad1 Qc7 16. Rxd4 Rad8 17. Rfd1 Bc5 18. Rxd8 Rxd8 19. Rxd8+ Qxd8 20. Ne5 Qa8 21. Bxb7 Qxb7 22. Nd3 Be7 23. Nf4 Qe4 24. Qxe4 Nxe4 25. Nd3 f6 26. f3 Nc5 27. Nxc5 Bxc5+ 28. Kf1 e5 29. Ke2 Kf7 30. Kd3 Ke6 31. Bc3 a5 32. g4 g6 33. Bd2 f5 34. h3 h5 35. gxf5+ gxf5 36. Bg5 Kd6 37. Bc1 Ke6 38. Bd2 Kd6 39. Bh6 Ke6 40. Bg5 Kd6 41. Bc1 Ke6 42. a3 Kd6 43. Bh6 Ke6 44. Be3 Bxe3 45. Kxe3 h4 46. b4 axb4 47. axb4 Kd6 {[%emt 0:00:11] Ke4} 1/2-1/2

[Event "36th Zalakaros Festival 2017"]
[Site "Zalakaros"]
[Date "2017.05.21"]
[Round "4"]
[White "Sadhwani, Raunak"]
[Black "Papp, Petra"]
[Result "1-0"]
[ECO "C88"]
[WhiteElo "2298"]
[BlackElo "2371"]
[Annotator "NA"]
[PlyCount "141"]
[EventDate "2017.??.??"]
[EventType "swiss"]
[EventCountry "HUN"]
[SourceTitle "playchess.com"]
[Source "ChessBase"]
[SourceQuality "1"]
[TimeControl "40/5400+30:1800+30"]

1. e4 e5 2. Nf3 Nc6 3. Bb5 a6 4. Ba4 Nf6 5. O-O Be7 6. Re1 b5 7. Bb3 O-O 8. h3 Bb7 9. Nc3 Na5 10. d3 Nxb3 11. axb3 b4 12. Ne2 d5 13. exd5 Qxd5 14. c4 Qc6 15. d4 Rad8 16. d5 Nxd5 17. cxd5 Rxd5 18. Bd2 Rfd8 19. Rc1 Qb6 20. Ng3 Rd3 21. Qc2 Bxf3 22. Be3 Qf6 23. gxf3 Qxf3 24. Qxc7 Bf6 25. Qc4 a5 26. Qe4 Qxe4 27. Nxe4 Rxb3 28. Red1 Rxd1+ 29. Rxd1 h5 30. Rd2 Be7 31. Rd7 Bf6 32. Ra7 Rxb2 33. Rxa5 Kh7 34. Kg2 Kg6 35. Ra6 Kf5 36. Nd6+ Kg6 37. Nc4 Rb1 38. Nxe5+ Kh7 39. Nxf7 b3 40. Ng5+ Bxg5 41. Bxg5 Rd1 42. Rb6 Rd3 43. h4 Kg8 44. Kf1 Kf7 45. Ke2 Rc3 46. f4 g6 47. Kd2 Rh3 48. Kc1 Rf3 49. Kb2 Rd3 50. Rxb3 Rd7 51. Kc2 Kg7 52. Rd3 Rc7+ 53. Kd2 Rb7 54. Ke3 Ra7 55. Ke4 Kf7 56. Ke5 Rb7 57. Rd5 Ra7 58. f5 gxf5 59. Kxf5 Rb7 60. Bf6 Ra7 61. Be5 Ra4 62. Rd7+ Ke8 63. Rh7 Kf8 64. Rxh5 Kf7 65. Rh7+ Kg8 66. Rg7+ Kf8 67. Rg4 Ra6 68. Bf6 Kf7 69. Rg7+ Kf8 70. Kg6 Ra2 71. Rd7 1-0

[Event "36th Zalakaros Festival 2017"]
[Site "Zalakaros"]
[Date "2017.05.21"]
[Round "4"]
[White "Risting, Eivind Olav"]
[Black "Paschall, William M"]
[Result "1/2-1/2"]
[ECO "A54"]
[WhiteElo "2297"]
[BlackElo "2380"]
[Annotator "NA"]
[PlyCount "37"]
[EventDate "2017.??.??"]
[EventType "swiss"]
[EventCountry "HUN"]
[SourceTitle "playchess.com"]
[Source "ChessBase"]
[SourceQuality "1"]
[TimeControl "40/5400+30:1800+30"]

1. d4 Nf6 2. c4 d6 3. Nc3 e5 4. Nf3 e4 5. Ng5 Qe7 6. Qc2 Bf5 7. g4 Bg6 8. Bg2 Nc6 9. Nd5 Nxd5 10. cxd5 e3 11. Qa4 Qxg5 12. Bxe3 Qxg4 13. Bf3 Qf5 14. dxc6 b6 15. d5 Be7 16. Rd1 Bf6 17. Bg4 b5 18. Bxf5 bxa4 19. Bxg6 1/2-1/2

[Event "36th Zalakaros Festival 2017"]
[Site "Zalakaros"]
[Date "2017.05.21"]
[Round "4"]
[White "Rakesh Kumar Jena"]
[Black "Jakab, Bela"]
[Result "1-0"]
[ECO "C07"]
[WhiteElo "2288"]
[BlackElo "2216"]
[Annotator "NA"]
[PlyCount "63"]
[EventDate "2017.??.??"]
[EventType "swiss"]
[EventCountry "HUN"]
[SourceTitle "playchess.com"]
[Source "ChessBase"]
[SourceQuality "1"]
[TimeControl "40/5400+30:1800+30"]

1. e4 e6 2. d4 d5 3. Nd2 c5 4. exd5 Qxd5 5. Ngf3 cxd4 6. Bc4 Qd6 7. O-O Nf6 8. Nb3 Nc6 9. Nbxd4 Nxd4 10. Nxd4 a6 11. Be3 Qc7 12. Bb3 Bd6 13. h3 O-O 14. Qe2 e5 15. Nf3 Bf5 16. Rad1 Bg6 17. Nh4 Bh5 18. g4 Bg6 19. Nxg6 hxg6 20. Qd3 Bc5 21. Bxc5 Qxc5 22. Qxg6 a5 23. g5 Nh7 24. Rd7 e4 25. Bxf7+ Kh8 26. Bd5 Rg8 27. Bxg8 Rxg8 28. Qxe4 Qxg5+ 29. Qg4 Qb5 30. b3 Nf6 31. Qh4+ Nh7 32. Rd8 1-0

[Event "36th Zalakaros Festival 2017"]
[Site "Zalakaros"]
[Date "2017.05.21"]
[Round "4"]
[White "Ganaus, Hannes"]
[Black "Ugroczky, Peter"]
[Result "0-1"]
[ECO "D35"]
[WhiteElo "2271"]
[BlackElo "2185"]
[Annotator "NA"]
[PlyCount "76"]
[EventDate "2017.??.??"]
[EventType "swiss"]
[EventCountry "HUN"]
[SourceTitle "playchess.com"]
[Source "ChessBase"]
[SourceQuality "1"]
[TimeControl "40/5400+30:1800+30"]

1. d4 d5 2. c4 e6 3. Nc3 Nf6 4. cxd5 exd5 5. Bg5 c6 6. e3 Qb6 7. Qd2 Ne4 8. Nxe4 dxe4 9. Ne2 Bb4 10. Nc3 Be6 11. Be2 O-O 12. O-O f5 13. a3 Bxc3 14. bxc3 Nd7 15. c4 Nf6 16. Rab1 Qc7 17. Rfd1 Rad8 18. Qb4 b6 19. Rbc1 c5 20. Qa4 cxd4 21. Bf4 Qc5 22. exd4 Rxd4 23. Rxd4 Qxd4 24. Qxa7 Qb2 25. Kf1 Ng4 26. Qe7 Nxh2+ 27. Ke1 Bf7 28. Qb4 Qf6 29. Bxh2 Qh6 30. Rd1 Qxh2 31. Rd7 Qg1+ 32. Kd2 Qxf2 33. Qe7 g6 34. a4 Qxg2 35. c5 bxc5 36. Kd1 Qg1+ 37. Kd2 e3+ 38. Kc2 Qa1 0-1

[Event "36th Zalakaros Festival 2017"]
[Site "Zalakaros"]
[Date "2017.05.21"]
[Round "4"]
[White "Sankalp Gupta"]
[Black "Raja Harshit"]
[Result "0-1"]
[ECO "C45"]
[WhiteElo "2269"]
[BlackElo "2334"]
[Annotator "NA"]
[PlyCount "68"]
[EventDate "2017.??.??"]
[EventType "swiss"]
[EventCountry "HUN"]
[SourceTitle "playchess.com"]
[Source "ChessBase"]
[SourceQuality "1"]
[TimeControl "40/5400+30:1800+30"]

1. e4 e5 2. Nf3 Nc6 3. d4 exd4 4. Nxd4 Nf6 5. Nxc6 bxc6 6. e5 Qe7 7. Qe2 Nd5 8. c4 Nb6 9. Nc3 Qe6 10. Qe4 g6 11. Bd3 Bg7 12. f4 O-O 13. O-O f5 14. Qe2 d6 15. c5 Nd5 16. Nxd5 cxd5 17. cxd6 cxd6 18. Re1 dxe5 19. fxe5 f4 20. Bd2 Bb7 21. Bc3 Rf7 22. Qf2 f3 23. g3 d4 24. Bd2 Bd5 25. b3 Raf8 26. Rac1 Rc8 27. Rcd1 h6 28. Bc1 g5 29. Bb2 Bxe5 30. Be4 Bxe4 31. Rxe4 Qf5 32. Rde1 Rc2 33. Rxe5 Rxf2 34. Rxf5 Rg2+ 0-1

[Event "36th Zalakaros Festival 2017"]
[Site "Zalakaros"]
[Date "2017.05.21"]
[Round "4"]
[White "Varga, Klara"]
[Black "Gara, Ticia"]
[Result "1/2-1/2"]
[ECO "A36"]
[WhiteElo "2240"]
[BlackElo "2329"]
[Annotator "NA"]
[PlyCount "32"]
[EventDate "2017.??.??"]
[EventType "swiss"]
[EventCountry "HUN"]
[SourceTitle "playchess.com"]
[Source "ChessBase"]
[SourceQuality "1"]
[TimeControl "40/5400+30:1800+30"]

1. c4 c5 2. g3 g6 3. Bg2 Bg7 4. Nc3 Nc6 5. e3 e6 6. Nge2 Nge7 7. O-O O-O 8. d4 cxd4 9. Nxd4 Nxd4 10. exd4 d5 11. cxd5 Nxd5 12. Nxd5 exd5 13. Be3 Be6 14. Qb3 Qd7 15. Rfc1 Rfc8 16. a4 Bf6 1/2-1/2

[Event "36th Zalakaros Festival 2017"]
[Site "Zalakaros"]
[Date "2017.05.21"]
[Round "4"]
[White "Szukics, Adam"]
[Black "Tompa, Janos"]
[Result "1-0"]
[ECO "B40"]
[WhiteElo "2229"]
[BlackElo "2392"]
[Annotator "NA"]
[PlyCount "57"]
[EventDate "2017.??.??"]
[EventType "swiss"]
[EventCountry "HUN"]
[SourceTitle "playchess.com"]
[Source "ChessBase"]
[SourceQuality "1"]
[TimeControl "40/5400+30:1800+30"]

1. e4 c5 2. Nf3 e6 3. Nc3 Nc6 4. Bb5 Nge7 5. O-O a6 6. Bxc6 Nxc6 7. d4 cxd4 8. Nxd4 d6 9. Nxc6 bxc6 10. Qg4 e5 11. Qg3 Be6 12. Be3 Qc7 13. Rad1 f6 14. h4 g6 15. f4 Be7 16. Na4 Rb8 17. b3 Rb4 18. fxe5 fxe5 19. c4 Bxc4 20. bxc4 Rxa4 21. Bh6 Qd7 22. Qb3 c5 23. Qb8+ Qd8 24. Qb7 Qd7 25. Qa8+ Qd8 26. Qd5 Qc7 27. Bg7 Rf8 28. Bxf8 Bxf8 29. Qa8+ 1-0

[Event "36th Zalakaros Festival 2017"]
[Site "Zalakaros"]
[Date "2017.05.21"]
[Round "4"]
[White "Havanecz, Bianka"]
[Black "Cuhendi, Sean Winshand"]
[Result "0-1"]
[ECO "D00"]
[WhiteElo "2210"]
[BlackElo "2407"]
[Annotator "NA"]
[PlyCount "96"]
[EventDate "2017.??.??"]
[EventType "swiss"]
[EventCountry "HUN"]
[SourceTitle "playchess.com"]
[Source "ChessBase"]
[SourceQuality "1"]
[TimeControl "40/5400+30:1800+30"]

1. d4 d5 2. Bf4 Nf6 3. e3 c5 4. c3 Nc6 5. Nd2 Bf5 6. Ngf3 Qb6 7. Qb3 c4 8. Qxb6 axb6 9. a3 h6 10. h3 b5 11. Rc1 Nd7 12. Nb1 f6 13. Be2 Nb6 14. Bd1 g5 15. Bg3 Na4 16. Bc2 Be4 17. Nfd2 Bxg2 18. Rh2 Be4 19. Nxe4 dxe4 20. Bxe4 Nxb2 21. f3 Na4 22. Bg6+ Kd8 23. e4 e6 24. h4 Ke7 25. hxg5 Rg8 26. Bh5 Rxg5 27. Bf4 Rg1+ 28. Kd2 Rxc1 29. Kxc1 e5 30. Be3 exd4 31. cxd4 Rd8 32. Rd2 Na5 33. Rd1 Nb3+ 34. Kc2 Na1+ 35. Kc1 c3 36. Rd3 Rc8 37. d5 Kd8 38. d6 Rc6 39. Nxc3 Rxc3+ 40. Rxc3 Nxc3 41. Bb6+ Kd7 42. Bc7 Bxd6 43. Bxd6 Kxd6 44. Kb2 Ne2 45. Be8 Nf4 46. Bxb5 h5 47. Bf1 h4 48. Kxa1 h3 0-1

[Event "36th Zalakaros Festival 2017"]
[Site "Zalakaros"]
[Date "2017.05.21"]
[Round "4"]
[White "Szente Varga, Fruzsina"]
[Black "Szalanczy, Emil"]
[Result "1/2-1/2"]
[ECO "B53"]
[WhiteElo "2190"]
[BlackElo "2230"]
[Annotator "NA"]
[PlyCount "97"]
[EventDate "2017.??.??"]
[EventType "swiss"]
[EventCountry "HUN"]
[SourceTitle "playchess.com"]
[Source "ChessBase"]
[SourceQuality "1"]
[TimeControl "40/5400+30:1800+30"]

1. e4 c5 2. Nf3 d6 3. d4 cxd4 4. Qxd4 Nf6 5. Bg5 Nc6 6. Bb5 Qa5+ 7. Nc3 Rb8 8. Bxf6 gxf6 9. Qd5 Qb6 10. Na4 Qc7 11. Nd4 Bd7 12. O-O-O a6 13. Be2 e6 14. Qh5 Rc8 15. Nc3 Qb6 16. Nb3 Qxf2 17. Rhf1 Qe3+ 18. Kb1 Qg5 19. Qf3 Be7 20. Qf2 h5 21. h4 Qe5 22. g4 hxg4 23. Bxg4 Na5 24. Nxa5 Qxa5 25. h5 Rc5 26. Bf3 Kd8 27. Qg1 Rg5 28. Qa7 Qc7 29. Ne2 Bc8 30. Qe3 Qc5 31. Qd2 Kc7 32. Rh1 Rh6 33. Nf4 Kb8 34. Nh3 Rgxh5 35. Bxh5 Rxh5 36. Nf4 Rxh1 37. Rxh1 Bd7 38. Nd3 Qb6 39. a3 Bc6 40. Rh7 Qg1+ 41. Ka2 d5 42. Rxf7 dxe4 43. Rxe7 exd3 44. Qxd3 Qc5 45. Rf7 f5 46. c4 Be4 47. Qd8+ Ka7 48. Rc7 Qg1 49. Rc8 1/2-1/2

[Event "36th Zalakaros Festival 2017"]
[Site "Zalakaros"]
[Date "2017.05.21"]
[Round "4"]
[White "Karacsonyi, Gellert"]
[Black "Szabo, Marton Mihaly"]
[Result "1/2-1/2"]
[ECO "B40"]
[WhiteElo "2189"]
[BlackElo "2298"]
[Annotator "NA"]
[PlyCount "33"]
[EventDate "2017.??.??"]
[EventType "swiss"]
[EventCountry "HUN"]
[SourceTitle "playchess.com"]
[Source "ChessBase"]
[SourceQuality "1"]
[TimeControl "40/5400+30:1800+30"]

1. e4 c5 2. Nf3 e6 3. d4 cxd4 4. Nxd4 Bc5 5. Nb3 Be7 6. Nc3 d6 7. Bd3 a6 8. O-O Nd7 9. f4 Ngf6 10. Qe2 Qc7 11. Bd2 h5 12. Rae1 b5 13. e5 dxe5 14. fxe5 Ng4 15. Qf3 Qa7+ 16. Be3 Nxe3 17. Qxe3 1/2-1/2

[Event "36th Zalakaros Festival 2017"]
[Site "Zalakaros"]
[Date "2017.05.21"]
[Round "4"]
[White "Hradeczky, Tamas"]
[Black "Krykun, Yuriy"]
[Result "0-1"]
[ECO "D85"]
[WhiteElo "2146"]
[BlackElo "2308"]
[Annotator "NA"]
[PlyCount "80"]
[EventDate "2017.??.??"]
[EventType "swiss"]
[EventCountry "HUN"]
[SourceTitle "playchess.com"]
[Source "ChessBase"]
[SourceQuality "1"]
[TimeControl "40/5400+30:1800+30"]

1. d4 Nf6 2. c4 g6 3. Nc3 d5 4. cxd5 Nxd5 5. Bd2 Bg7 6. e4 Nxc3 7. Bxc3 O-O 8. Qd2 Nc6 9. d5 Ne5 10. f4 Ng4 11. Bxg7 Kxg7 12. Nf3 Nf6 13. Bd3 c6 14. dxc6 Qb6 15. c7 Bd7 16. Qf2 Qxc7 17. Ne5 Qa5+ 18. Qd2 Qb6 19. Qf2 Qb4+ 20. Qd2 Qd6 21. Nxd7 Qxd7 22. e5 Nh5 23. f5 Qd4 24. O-O-O Qxe5 25. Rhe1 Qc7+ 26. Qc3+ Qxc3+ 27. bxc3 Kf6 28. fxg6 hxg6 29. Re4 e6 30. Rb4 b6 31. g4 Ng7 32. h4 Rac8 33. Kb2 Rc5 34. Rf1+ Ke7 35. Rbf4 f5 36. h5 gxh5 37. gxf5 Nxf5 38. Rh1 Ng3 39. Rxf8 Kxf8 40. Rh3 Rg5 0-1

[Event "36th Zalakaros Festival 2017"]
[Site "Zalakaros"]
[Date "2017.05.22"]
[Round "5"]
[White "Tompa, Janos"]
[Black "Szente Varga, Fruzsina"]
[Result "1-0"]
[ECO "C31"]
[WhiteElo "2392"]
[BlackElo "2190"]
[Annotator "NA"]
[PlyCount "53"]
[EventDate "2017.??.??"]
[EventType "swiss"]
[EventCountry "HUN"]
[SourceTitle "playchess.com"]
[Source "ChessBase"]
[SourceQuality "1"]
[TimeControl "40/5400+30:1800+30"]

1. f4 e5 2. e4 d5 3. exd5 exf4 4. Nf3 Bd6 5. Bb5+ c6 6. dxc6 bxc6 7. Be2 Ne7 8. O-O O-O 9. Nc3 Bg4 10. d4 f6 11. Ne1 Bxe2 12. Qxe2 $14 g5 13. Qe6+ Kg7 14. Ne4 Bc7 15. Nf3 Ng6 16. Re1 g4 17. Qxg4 f5 18. Qh5 fxe4 19. Ng5 Qxd4+ 20. Be3 Qe5 21. Qxh7+ Kf6 22. Bxf4 Qxf4 23. Nxe4+ Ke6 24. Qxg6+ Kd5 25. Nc3+ Kc5 26. b4+ Kb6 27. Nd5+ 1-0

[Event "36th Zalakaros Festival 2017"]
[Site "Zalakaros"]
[Date "2017.05.22"]
[Round "5"]
[White "Paschall, William M"]
[Black "Injac, Teodora"]
[Result "1/2-1/2"]
[ECO "A10"]
[WhiteElo "2380"]
[BlackElo "2296"]
[Annotator "NA"]
[PlyCount "67"]
[EventDate "2017.??.??"]
[EventType "swiss"]
[EventCountry "HUN"]
[SourceTitle "playchess.com"]
[Source "ChessBase"]
[SourceQuality "1"]
[TimeControl "40/5400+30:1800+30"]

1. c4 g6 2. Nc3 Bg7 3. g3 Nf6 4. Bg2 O-O 5. Nf3 d6 6. O-O e5 7. d3 Nc6 8. Bg5 h6 9. Bxf6 Qxf6 10. Rc1 Be6 11. Nd2 Qd8 12. b4 Qc8 13. b5 Ne7 14. Nd5 $14 Nxd5 15. cxd5 Bg4 16. Nc4 Qd7 17. f3 Bh3 18. Bxh3 Qxh3 19. e4 h5 20. Qd2 Kh7 21. Rc2 Bh6 22. Qg2 Qd7 23. a4 a6 24. Rb2 axb5 25. axb5 b6 26. Kh1 f5 27. Qh3 Qf7 28. Qg2 fxe4 29. dxe4 Qd7 30. Qe2 Qh3 31. Qg2 Qd7 32. Qe2 Qh3 33. Qg2 Qd7 34. Qe2 1/2-1/2

[Event "36th Zalakaros Festival 2017"]
[Site "Zalakaros"]
[Date "2017.05.22"]
[Round "5"]
[White "Arman, Deniz"]
[Black "Varga, Klara"]
[Result "1-0"]
[ECO "C10"]
[WhiteElo "2377"]
[BlackElo "2240"]
[Annotator "NA"]
[PlyCount "55"]
[EventDate "2017.??.??"]
[EventType "swiss"]
[EventCountry "HUN"]
[SourceTitle "playchess.com"]
[Source "ChessBase"]
[SourceQuality "1"]
[TimeControl "40/5400+30:1800+30"]

1. d4 e6 2. e4 d5 3. Nc3 Nc6 4. Nf3 Nf6 5. Bd3 Bb4 6. O-O Bxc3 7. exd5 Nxd5 8. bxc3 Nxc3 9. Qd2 Nd5 10. Ba3 Nde7 11. Qg5 Ng6 12. Qg3 Nce7 $18 13. h4 O-O 14. h5 Nh8 15. Ng5 f5 16. Bc4 Rf6 17. d5 Nxd5 18. Bxd5 exd5 19. Rfe1 f4 20. Qc3 Rc6 21. Qd3 g6 22. Re7 Rd6 23. Bxd6 Qxd6 24. Re8+ Kg7 25. Rxh8 Qe5 26. Rxh7+ Kf8 27. Qa3+ Kg8 28. Qe7 1-0

[Event "36th Zalakaros Festival 2017"]
[Site "Zalakaros"]
[Date "2017.05.22"]
[Round "5"]
[White "Gara, Ticia"]
[Black "Rakesh Kumar Jena"]
[Result "1-0"]
[ECO "A39"]
[WhiteElo "2329"]
[BlackElo "2288"]
[Annotator "NA"]
[PlyCount "79"]
[EventDate "2017.??.??"]
[EventType "swiss"]
[EventCountry "HUN"]
[SourceTitle "playchess.com"]
[Source "ChessBase"]
[SourceQuality "1"]
[TimeControl "40/5400+30:1800+30"]

1. Nf3 c5 2. c4 Nf6 3. Nc3 Nc6 4. g3 g6 5. Bg2 Bg7 6. O-O O-O 7. d4 cxd4 8. Nxd4 Nxd4 9. Qxd4 d6 10. Qd3 Bf5 11. e4 Be6 12. b3 Nd7 13. Bd2 a5 14. Rac1 Ne5 15. Qe2 f5 16. f4 Nc6 17. Kh1 $16 Kh8 18. Rfe1 fxe4 19. Nxe4 Bf5 20. Bc3 e5 21. Rcd1 Nd4 22. Bxd4 exd4 23. Ng5 Qd7 24. Qe7 Qxe7 25. Rxe7 Bc2 26. Rd2 d3 27. Be4 a4 28. Bxd3 axb3 29. axb3 Bxb3 30. Rxb7 Ra1+ 31. Kg2 Ba4 32. Be4 h6 33. Rxg7 hxg5 34. Rxg6 gxf4 35. Rh6+ Kg7 36. Rg6+ Kf7 37. Rgxd6 Re1 38. Bf3 Ke7 39. g4 Rc1 40. R6d4 1-0

[Event "36th Zalakaros Festival 2017"]
[Site "Zalakaros"]
[Date "2017.05.22"]
[Round "5"]
[White "Szabo, Marton Mihaly"]
[Black "Sankalp Gupta"]
[Result "1-0"]
[ECO "B31"]
[WhiteElo "2298"]
[BlackElo "2269"]
[Annotator "ChessBase"]
[PlyCount "89"]
[EventDate "2017.??.??"]
[EventType "swiss"]
[EventCountry "HUN"]
[SourceTitle "playchess.com"]
[Source "ChessBase"]
[SourceQuality "1"]
[TimeControl "40/5400+30:1800+30"]

1. e4 c5 2. Nf3 Nc6 3. Bb5 g6 4. Bxc6 dxc6 5. d3 Bg7 6. h3 Nf6 7. Nc3 O-O 8. O-O Nd7 9. Be3 e5 10. Qd2 Re8 11. Bh6 Nf8 12. a4 a5 13. Bxg7 Kxg7 14. Ne2 b6 15. Rad1 Qd6 16. Nh2 Ne6 17. c3 h5 18. f4 exf4 19. Nxf4 Ra7 20. Nxe6+ Bxe6 21. Nf3 Rd7 22. Qf2 Red8 23. e5 Qe7 24. Qe3 Bc4 25. Ng5 Rxd3 26. Rxd3 Rxd3 27. Qf4 Rd5 28. Re1 b5 29. h4 Bd3 30. e6 f6 31. Nf7 g5 32. hxg5 fxg5 33. Qb8 h4 34. Qh8+ Kg6 35. Qh6+ Kf5 36. Qg7 Kf4 37. Re5 Be4 38. Rxd5 Bxd5 39. Qe5+ Kg4 40. Nh6+ Kh5 41. Nf5 Qh7 42. e7 Bf7 43. e8=Q Bxe8 44. Qxe8+ Kg4 45. Qe2+ 1-0

[Event "36th Zalakaros Festival 2017"]
[Site "Zalakaros"]
[Date "2017.05.22"]
[Round "5"]
[White "Gazik, Igor"]
[Black "Karacsonyi, Gellert"]
[Result "1-0"]
[ECO "B30"]
[WhiteElo "2292"]
[BlackElo "2189"]
[Annotator "NA"]
[PlyCount "67"]
[EventDate "2017.??.??"]
[EventType "swiss"]
[EventCountry "HUN"]
[SourceTitle "playchess.com"]
[Source "ChessBase"]
[SourceQuality "1"]
[TimeControl "40/5400+30:1800+30"]

1. e4 c5 2. Nf3 Nc6 3. Nc3 g6 4. g3 Bg7 5. Bg2 d6 6. d3 e6 7. Be3 Nge7 8. d4 Qb6 9. Ne2 Qxb2 10. O-O O-O 11. Qd2 Qa3 12. Rfd1 c4 13. Bh6 d5 14. e5 Bd7 15. Re1 Rfc8 16. Qf4 Bh8 17. g4 Nd8 18. Bg5 Nec6 19. c3 Qf8 20. h4 f5 21. exf6 Nf7 22. Qh2 Nd6 23. Bh6 Qxh6 24. Qxd6 Rd8 25. g5 Qf8 26. Qxf8+ Kxf8 27. Nf4 Kf7 28. Bh3 Re8 29. Nxd5 Rac8 30. Ne5+ Nxe5 31. dxe5 Bc6 32. Nf4 Rcd8 33. Rad1 Bd7 34. Rd4 1-0

[Event "36th Zalakaros Festival 2017"]
[Site "Zalakaros"]
[Date "2017.05.22"]
[Round "5"]
[White "Chovan, Milan"]
[Black "Borsos, Bogdan"]
[Result "0-1"]
[ECO "A13"]
[WhiteElo "2288"]
[BlackElo "2321"]
[Annotator "NA"]
[PlyCount "68"]
[EventDate "2017.??.??"]
[EventType "swiss"]
[EventCountry "HUN"]
[SourceTitle "playchess.com"]
[Source "ChessBase"]
[SourceQuality "1"]
[TimeControl "40/5400+30:1800+30"]

1. c4 e6 2. Nc3 Bb4 3. Qb3 a5 4. a3 Be7 5. Nf3 f5 6. d4 Nf6 7. Bg5 Ne4 8. Bxe7 Qxe7 9. e3 b6 10. Be2 Bb7 11. c5 $14 Nxc3 12. bxc3 a4 13. Qb2 O-O 14. cxb6 cxb6 15. Qxb6 Be4 16. Qb4 d6 17. O-O Nc6 18. Qb2 Rab8 19. Qa2 Na5 20. Nd2 Nb3 21. Rad1 Nxd2 22. Rxd2 Rb3 23. c4 Qg5 24. g3 Qh6 25. Bd1 Rfb8 26. Bxb3 axb3 27. Qb2 Bf3 28. h4 Qh5 29. Rd3 Be4 30. Rxb3 Rxb3 31. Qxb3 Qf3 32. Qb8+ Kf7 33. Qc7+ Kg6 34. h5+ Kh6 0-1

[Event "36th Zalakaros Festival 2017"]
[Site "Zalakaros"]
[Date "2017.05.22"]
[Round "5"]
[White "Krstulovic, Alex"]
[Black "Pultorak, Jan"]
[Result "1/2-1/2"]
[ECO "E15"]
[WhiteElo "2280"]
[BlackElo "2303"]
[Annotator "NA"]
[PlyCount "74"]
[EventDate "2017.??.??"]
[EventType "swiss"]
[EventCountry "HUN"]
[SourceTitle "playchess.com"]
[Source "ChessBase"]
[SourceQuality "1"]
[TimeControl "40/5400+30:1800+30"]

1. d4 Nf6 2. c4 e6 3. Nf3 b6 4. g3 Ba6 5. Qc2 Bb7 6. Bg2 c5 7. d5 exd5 8. cxd5 Nxd5 9. O-O Be7 10. Rd1 Qc8 11. a3 Nf6 12. Nc3 O-O 13. e4 d6 $11 14. Bf4 Re8 15. Nh4 Nh5 16. Nf5 Nxf4 17. gxf4 Nc6 18. Nb5 Nd4 19. Nbxd4 cxd4 20. Qxc8 Raxc8 21. Nxe7+ Rxe7 22. Rxd4 Rce8 23. f3 f5 24. exf5 d5 25. Bf1 Re1 26. Rxe1 Rxe1 27. Kf2 Rc1 28. Rd2 Kf7 29. Bb5 Kf6 30. Bd3 Bc8 31. Kg3 Rg1+ 32. Kf2 Rc1 33. Kg3 Rc6 34. Re2 Bxf5 35. Bxf5 Kxf5 36. Re5+ Kf6 37. Rxd5 Rc2 1/2-1/2

[Event "36th Zalakaros Festival 2017"]
[Site "Zalakaros"]
[Date "2017.05.22"]
[Round "5"]
[White "Banzea, Alexandru-Bogdan"]
[Black "Hnydiuk, Aleksander"]
[Result "1/2-1/2"]
[ECO "B52"]
[WhiteElo "2278"]
[BlackElo "2390"]
[Annotator "NA"]
[PlyCount "70"]
[EventDate "2017.??.??"]
[EventType "swiss"]
[EventCountry "HUN"]
[SourceTitle "playchess.com"]
[Source "ChessBase"]
[SourceQuality "1"]
[TimeControl "40/5400+30:1800+30"]

1. e4 c5 2. Nf3 d6 3. Bb5+ Bd7 4. Bxd7+ Qxd7 5. c4 Nf6 6. Nc3 g6 7. d4 cxd4 8. Nxd4 Bg7 9. f3 O-O 10. Be3 Rc8 11. b3 a6 12. Qd2 Nc6 13. a4 e6 14. a5 {[%emt 0:20:22] [#]} (14. O-O $11) 14... d5 $1 15. Na4 $17 ({White should play} 15. cxd5 exd5 16. Na4) 15... Nxd4 16. Bxd4 dxc4 17. Rd1 e5 18. Be3 Qxd2+ 19. Bxd2 Rab8 20. Nb6 c3 21. Bg5 Rc5 22. Bxf6 c2 23. Rc1 Bxf6 24. Nc4 Rbc8 25. O-O Bg5 26. Rxc2 Rxa5 27. Nxa5 Rxc2 28. Nxb7 Rb2 29. Na5 Be3+ 30. Kh1 Bd4 31. h4 Bc3 32. Ra1 Kg7 33. Nc4 Rxb3 34. Rxa6 Be1 35. Kh2 Bxh4 1/2-1/2

[Event "36th Zalakaros Festival 2017"]
[Site "Zalakaros"]
[Date "2017.05.22"]
[Round "5"]
[White "Pujari, Rucha"]
[Black "Tica, Sven"]
[Result "1/2-1/2"]
[ECO "E15"]
[WhiteElo "2203"]
[BlackElo "2332"]
[Annotator "NA"]
[PlyCount "82"]
[EventDate "2017.??.??"]
[EventType "swiss"]
[EventCountry "HUN"]
[SourceTitle "playchess.com"]
[Source "ChessBase"]
[SourceQuality "1"]
[TimeControl "40/5400+30:1800+30"]

1. d4 Nf6 2. c4 e6 3. Nf3 b6 4. g3 Bb4+ 5. Bd2 Be7 6. Bg2 c6 7. O-O d5 8. cxd5 cxd5 9. Ne5 O-O 10. Nc3 Bb7 11. Rc1 Nbd7 12. Bf4 $11 a6 13. Na4 Rc8 14. Rxc8 Qxc8 15. b4 Bxb4 16. Qb3 Ba5 17. Rc1 Qa8 18. Rc7 b5 19. Nxd7 Bxc7 20. Nxf6+ gxf6 21. Nc5 Bb6 22. Bh6 Bxc5 23. dxc5 d4 24. Bxb7 Qxb7 25. Bxf8 Kxf8 26. Qb4 Qd5 27. c6+ Ke8 28. c7 Kd7 29. Qf8 Kxc7 30. Qxf7+ Kc6 31. a3 Qf5 32. Qa7 Qb1+ 33. Kg2 Qe4+ 34. Kg1 Qxe2 35. Qxd4 Qe1+ 36. Kg2 Qe5 37. Qa7 Qe4+ 38. Kh3 Qf5+ 39. Kg2 Qe4+ 40. Kh3 Qf5+ 41. Kg2 Qe4+ 1/2-1/2

[Event "36th Zalakaros Festival 2017"]
[Site "Zalakaros"]
[Date "2017.05.22"]
[Round "5"]
[White "Csiki, Endre"]
[Black "Paszewski, Mateusz"]
[Result "1/2-1/2"]
[ECO "E32"]
[WhiteElo "2200"]
[BlackElo "2327"]
[Annotator "NA"]
[PlyCount "62"]
[EventDate "2017.??.??"]
[EventType "swiss"]
[EventCountry "HUN"]
[SourceTitle "playchess.com"]
[Source "ChessBase"]
[SourceQuality "1"]
[TimeControl "40/5400+30:1800+30"]

1. d4 Nf6 2. c4 e6 3. Nc3 Bb4 4. Qc2 O-O 5. a3 Bxc3+ 6. Qxc3 d5 7. Nf3 dxc4 8. Qxc4 b6 9. Bg5 Ba6 10. Qa4 Qd7 11. Qc2 c5 12. dxc5 Rc8 13. Rd1 Qe7 14. Qd2 $11 Qxc5 15. b4 Qf5 16. Nd4 Qg6 17. Bxf6 Qxf6 18. e3 Bxf1 19. Rxf1 Nc6 20. Nxc6 Rxc6 21. Ke2 Rc3 22. a4 Rb3 23. Rb1 Ra3 24. Qc2 Qe5 25. Rfc1 h6 26. h3 Qd5 27. Kf1 Ra2 28. Rb2 Rxb2 29. Qxb2 Rd8 30. Kg1 Qe4 31. Qc3 Qd5 1/2-1/2